Map: Orbital Shipyard

Players

Wolfie - Winner!

  • Race: Terran Terran

Lifestyle

  • Race: Terran Terran

VOD

Have the link to the VOD?

Description

Time

  • Played on: Dec. 7, 2015, 2:57 p.m.
  • Length: 5:58
Show
View Real Time Build Order
Export as new Build Order

Wolfie Terran - Winner!

Build Orders:  

Get SALT Encoding   

  12  0:00  SCV  
  13  0:15  Supply Depot  
  13  0:17  SCV  
  14  0:29  SCV  
  15  0:39  Barracks  
  15  0:41  SCV  
  16  0:57  Barracks  
  16  0:59  SCV  
  17  1:11  SCV  
  18  1:20  Supply Depot  
  18  1:26  Engineering Bay  
  18  1:27  Orbital Command  
  18  1:31  Marine  
  19  1:43  Marine  
  20  1:49  Marine  
  21  1:56  Barracks  
  21  2:00  Refinery  
  21  2:05  Marine  
  21  2:06  Marine  
  23  2:22  Marine  
  23  2:24  SCV, Marine  
  26  2:40  Marine  
  26  2:42  Marine  
  26  2:43  Marine  
  29  2:58  Marine  
  29  3:00  Marine  
  31  3:20  Marine  
  31  3:22  Marine  
  30  3:30  Command Center  
  30  3:32  Marine  
  31  3:37  Marine  
  31  3:47  Supply Depot  
  31  4:07  Marine  
  31  4:08  Marine x2  
  33  4:25  Marine  
  33  4:26  Marine x2  
  36  4:43  Marine  
  36  4:44  Marine x2  
  39  5:01  Marine  
  39  5:02  Marine x2  
  42  5:18  SCV  
  42  5:19  Marine  
  42  5:20  Marine x2  
  42  5:21  Barracks  
  46  5:30  SCV  
  47  5:36  Marine  
  47  5:38  Marine  
  50  5:42  SCV  
Show
View Real Time Build Order
Export as new Build Order

Lifestyle Terran 

Build Orders:  

Get SALT Encoding   

  12  0:03  SCV  
  13  0:20  Supply Depot  
  13  0:23  SCV  
  15  0:35  SCV  
  15  0:46  Barracks  
  15  0:47  SCV  
  16  0:54  Refinery  
  16  0:59  SCV  
  17  1:07  Supply Depot  
  17  1:33  Supply Depot  
  17  1:35  Supply Depot  
  17  1:37  Marine  
  18  1:44  SCV  
  19  1:55  Marine  
  19  1:56  SCV  
  21  2:08  SCV  
  22  2:20  SCV  
  22  2:21  Command Center  
  23  2:25  Refinery, Marine  
  24  2:40  SCV, Engineering Bay  
  25  2:51  Marine  
  25  2:52  SCV  
  27  3:04  SCV  
  28  3:07  Barracks  
  28  3:13  Marine  
  28  3:15  Terran Infantry Weapons Level 1  
  25  3:31  Marine  
  25  3:48  Marine  
Tags
 
Add a new tag
Caveats
  • Supply blocks, unpowered buildings, or Contaminate may cause inaccurate times.
  • Supply counts are checked every 10 seconds.